 Dungeon Crawl Stone Soup version 0.31.0-12-g77e489cdc1 (webtiles) character file.

Game seed: 14184562385432840396

67 jagang the Slasher (level 4, 0/35 HPs)
             Began as a Human Monk on Mar 6, 2024.
             Succumbed to Crazy Yiuf's poison
             ... on level 2 of the Dungeon.
             The game lasted 00:02:02 (527 turns).

jagang the Slasher (Human Monk)                      Turns: 527, Time: 00:02:03

Health: 0/35       AC:  2    Str: 11    XL:     4   Next: 16%
Magic:  4/4        EV: 13    Int: 11    God:
Gold:   47         SH:  0    Dex: 17    Spells: 3/3 levels left

rFire   . . .        a - +0 falchion
rCold   . . .        d - orb {light}
rNeg    . . .        b - +0 robe
rPois   .            (no helmet)
rElec   .            (no cloak)
rCorr   .            (no gloves)
SInv    .            (no boots)
Will    .....        (no amulet)
Stlth   +            (no ring)
HPRegen 0.25/turn    (no ring)
MPRegen 0.09/turn

%: no passive effects
@: lethally poisoned (0 -> -5), glowing
A: explore regen
a: no special abilities


You were on level 2 of the Dungeon.
You visited 1 branch of the dungeon, and saw 2 of its levels.

You collected 47 gold pieces.

Inventory:

Hand Weapons
 a - a +0 falchion (weapon)
Armour
 b - a +0 robe (worn)
 d - an orb of light (worn)
 j - a +0 ring mail
 m - a +0 cloak
Scrolls
 e - a scroll of silence {unknown}
 g - a scroll of blinking {unknown}
 i - 2 scrolls of identify {unknown}
 k - a scroll of poison {unknown}
Potions
 c - a potion of ambrosia
 f - 2 potions of curing {unknown}
 h - a potion of enlightenment {unknown}
 l - a potion of attraction {unknown}


   Skills:
 + Level 3.5 Fighting
 * Level 4.0 Long Blades
 + Level 1.5 Armour
 - Level 3.0 Dodging


You had 3 spell levels left.
You didn't know any spells.
Your spell library was empty.

Dungeon Overview and Level Annotations

Branches:
Dungeon (2/15)

Altars:


Innate Abilities, Weirdness & Mutations

You regain HP and MP as you explore.


Message History

The helpless rat fails to defend itself.
You slash the rat!
You kill the rat!
l - a murky white potion You see here a rat corpse.
Found a hammer.
Found a runed translucent door.
Crazy Yiuf shouts!
Crazy Yiuf says, "Blight testudinal horse!"
You open the door. You hit Crazy Yiuf.
Crazy Yiuf is lightly wounded.
Crazy Yiuf closely misses you.
You hit Crazy Yiuf.
Crazy Yiuf is moderately wounded.
Crazy Yiuf hits you with a +2 quarterstaff of chaos!
You barely miss Crazy Yiuf.
Crazy Yiuf is moderately wounded.
Crazy Yiuf hits you with a +2 quarterstaff of chaos!
You are lethally poisoned!
You slash Crazy Yiuf!
Crazy Yiuf is severely wounded.
* * * LOW HITPOINT WARNING * * *
You feel very sick. Crazy Yiuf closely misses you.
You hit Crazy Yiuf.
You kill Crazy Yiuf!
* * * LOW HITPOINT WARNING * * *
You feel very sick.
Your Long Blades skill increases to level 4!
You have reached level 4!
You feel clever.
* * * LOW HITPOINT WARNING * * *
You feel sick.
There is an open translucent door, spattered with blood here.
Things that are here:
a +2 quarterstaff of chaos; a +0 cloak; the gnoll corpse of Crazy Yiuf
m - a +0 cloak
* * * LOW HITPOINT WARNING * * *
You feel sick.
You die...

#P.PP#
#...#......#
#.P.##
#.#####.....
##.## #.#
##.... #.##
#.### #....
##.#
#...#####...
#.##
###...###...
##.#
###..#####
##)##
##......
#.@.#
###...^
#...#
#######....
#..)#
..>....<...
#####
#######....
##[.. #...
#... #...
#...


There were no monsters in sight!

Vanquished Creatures
  Crazy Yiuf (D:2)
  2 adders (D:2)
  3 giant cockroaches (D:1)
  3 goblins
  3 kobolds
  3 bats (D:1)
  A frilled lizard (D:1)
  3 rats
19 creatures vanquished.

Notes
Turn   | Place    | Note
-------+----------+-------------------------------------------
     0 | D:1      | jagang the Human Monk began the quest for the Orb.
     0 | D:1      | Reached XP level 1. HP: 18/18 MP: 1/1
   176 | D:1      | Reached XP level 2. HP: 23/24 MP: 2/2
   358 | D:2      | Reached skill level 1 in Armour
   358 | D:2      | Reached XP level 3. HP: 14/29 MP: 3/3
   515 | D:2      | Found a runed translucent door.
   516 | D:2      | Noticed Crazy Yiuf
   524 | D:2      | Killed Crazy Yiuf
   525 | D:2      | Reached skill level 4 in Long Blades
   525 | D:2      | Reached XP level 4. HP: 6/35 MP: 4/4
   527 | D:2      | Succumbed to Crazy Yiuf's poison

Illustrated notes

Levels and vault maps discovered:
D:1:      lemuel_arrival_rhombus, layout_rooms, hex_medium
D:2:      layout_rooms, serial_shops, nicolae_shop_hallway_plus,
          uniq_crazy_yiuf_cottage, uniq_jessica

Skill      XL: |  1  2  3 |
---------------+----------+-----
Armour         | 1 |  1.5
Long Blades    | 4 |  4.0
Fighting       | |  3.5
Dodging        | |  3.0

Action                     |  1- 3 |  4- 6 || total
---------------------------+-------+-------++-------
  Melee: Falchion          |    47 |       ||    47
   Stab: Sleeping          |     1 |       ||     1
 Armour: Robe              |    29 |       ||    29
  Dodge: Dodged            |    29 |       ||    29
